 Dungeon Crawl Stone Soup version 0.15.2 (webtiles) character file.

103 kae the Sneak (level 4, -1/21 HPs)
             Began as a Spriggan Enchanter on Dec 22, 2014.
             Killed from afar by an orc wizard (6 damage)
             ... with a magic dart
             ... on Level 3 of the Dungeon.
             The game lasted 00:02:55 (2216 turns).

kae the Sneak (Spriggan Enchanter)                  Turns: 2216, Time: 00:02:55

HP  -1/21        AC  3     Str  5      XL: 4   Next: 51%
MP   2/13        EV 18     Int 16      God:
Gold 93          SH  0     Dex 16      Spells:  3 memorised,  3 levels left

rFire  . . .     SeeInvis +     a - +1 dagger
rCold  . . .     Clarity  .     b - +1 robe
rNeg   . . .     rCorr    .     (shield restricted)
rPois  .         rRot     .     (helmet restricted)
rElec  .         Spirit   .     (no cloak)
SustAb .         Warding  .     (gloves unavailable)
rMut   .         Stasis   .     (boots unavailable)
Gourm  .                        (no amulet)
MR     .....                    (no ring)
                                (no ring)

@: very quick, not resistant to hostile enchantments, stealthy
A: unfitting armour, see invisible, herbivore 3, speed 3, slow metabolism 2
a: no special abilities


You were on level 3 of the Dungeon.
You were not hungry.

You visited 1 branch of the dungeon, and saw 3 of its levels.

You collected 93 gold pieces.

Inventory:

Hand weapons
 a - a +1 dagger (weapon)
 m - a +0 dagger
Armour
 b - a +1 robe (worn)
Comestibles
 h - a bread ration
 i - a royal jelly
Scrolls
 g - a scroll of identify
 j - a scroll of noise
 n - a scroll of fog {unknown}
 q - a scroll of teleportation {unknown}
Potions
 d - a potion of porridge
 e - a potion of brilliance {unknown}
 f - 3 potions of curing
 o - a potion of cancellation {unknown}
Books
 c - a book of Maledictions

   Spells                             Type                      Level
   *Corona                            Hexes                        1
   Sure Blade                         Hexes/Charms                 2
   *Ensorcelled Hibernation           Hexes/Ice                    2
   *Confuse                           Hexes                        3
   Dazzling Spray                     Conjuration/Hexes            3
   Enslavement                        Hexes                        4


   Skills:
 * Level 2.7 Short Blades
 - Level 3.0 Dodging
 * Level 6.2 Stealth
 + Level 3.2 Spellcasting
 + Level 4.2 Hexes


You had 3 spell levels left.
You knew the following spells:

 Your Spells              Type           Power        Failure   Level  Hunger
a - Corona                Hex            ###....      3%          1    None
b - Ensorcelled Hibernat  Hex/Ice        #.....       14%         2    ##.....
c - Confuse               Hex            ###.....     12%         3    ###....


Dungeon Overview and Level Annotations

Branches:
Dungeon (3/15)

Altars:
Vehumet


Innate Abilities, Weirdness & Mutations

You are tiny and cannot use many weapons and most armour.
You have supernaturally acute eyesight.
You are a herbivore.
You cover ground extremely quickly.
You need consume almost no food.


Message History

Casting: Ensorcelled Hibernation
Confirm with . or Enter, or press ? or * to list all spells.
Aiming: Confuse
Press: ? - help, Shift-Dir - straight line, f/p - orc wizard
Aim: an orc wizard, wielding a dagger and wearing a robe The orc wizard resists.
The orc misses you. The orc wizard hits you with a dagger.
* * * LOW HITPOINT WARNING * * *
Casting: Confuse
Confirm with . or Enter, or press ? or * to list all spells.
Aiming: Confuse
Press: ? - help, Shift-Dir - straight line, f/p - orc wizard
Aim: an orc wizard, wielding a dagger and wearing a robe The orc wizard resists.
The orc completely misses you.
The orc wizard hits you but does no damage.
Your magical contamination has completely faded away.
You barely miss the orc wizard. The orc misses you.
The orc wizard gestures at you while chanting.
The magic dart hits you!
You die...

#.# ###...........
#.# #...........
#.# #.......>(#8
#(# #.........##
#.# #..........(
#.# #...........
#.# #.........o.
#.# #########'#(
#@#############.#.
#.oo.........o..#o
#################.
##


You could see an orc wizard and an orc.

Vanquished Creatures
  A worm (D:2)
  5 adders
  2 giant geckos (D:1)
  A ball python (D:3)
  10 bats
  A hobgoblin (D:1)
  3 jackals (D:2)
  9 giant newts
  4 goblins
  8 kobolds
  12 rats
56 creatures vanquished.

Notes
Turn   | Place    | Note
--------------------------------------------------------------
     0 | D:1      | kae, the Spriggan Enchanter, began the quest for the Orb.
     0 | D:1      | Reached XP level 1. HP: 9/9 MP: 4/4
    83 | D:1      | Reached XP level 2. HP: 7/13 MP: 7/7
   469 | D:1      | Reached skill level 5 in Stealth
   793 | D:2      | Reached XP level 3. HP: 16/16 MP: 7/9
   798 | D:2      | Learned a level 3 spell: Confuse
   801 | D:2      | Learned a level 2 spell: Ensorcelled Hibernation
  1115 | D:2      | Reached XP level 4. HP: 10/21 MP: 2/13
  1384 | D:3      | Found a radiant altar of Vehumet.
  1433 | D:3      | Reached skill level 6 in Stealth
  2216 | D:3      | Killed from afar by an orc wizard

Action                   |  1- 3 |  4- 6 || total
-------------------------+-------+-------++-------
Melee: Dagger            |   131 |    49 ||   180
 Cast: Corona            |     4 |       ||     4
       Ensorcelled Hiber |     6 |     7 ||    13
       Confuse           |       |     2 ||     2
  Use: Scroll            |       |     5 ||     5
 Stab: Sleeping          |    12 |     8 ||    20
